 Dungeon Crawl Stone Soup version 0.24.0-2-g5b39cebb1c (webtiles) character file.

Game seed: 13683697083978137964, levelgen mode: deterministic

2777 Mrkan the Cleaver (level 9, -1/118 HPs)
             Began as a Centaur Fighter on Oct 31, 2019.
             Was a Priest of Okawaru.
             Slain by a five-headed hydra (2 damage)
             ... on level 8 of the Dungeon.
             The game lasted 00:18:17 (8871 turns).

Mrkan the Cleaver (Centaur Fighter)                 Turns: 8871, Time: 00:18:18

Health: -1/118     AC: 24    Str: 20    XL:     9   Next: 42%
Magic:  10/10      EV:  1    Int:  7    God:    Okawaru [***...]
Gold:   287        SH:  9    Dex:  9    Spells: 8/8 levels left

rFire    . . .     SeeInvis .   a - +0 war axe
rCold    . . .     Gourm    .   c - +0 shield
rNeg     + + +     Faith    .   (armour currently unavailable)
rPois    +         Spirit   .   (helmet currently unavailable)
rElec    .         Reflect  .   (cloak currently unavailable)
rCorr    .         Harm     .   (gloves currently unavailable)
MR       .....     NoTele   +   (no barding)
Stlth    +.........             (no amulet)
HPRegen  0.29/turn              (no ring)
MPRegen  0.12/turn              (no ring)

@: tree-form, very slightly contaminated, invisible
A: large, blurry vision 1, weak 1
a: Heroism, Renounce Religion


You were on level 8 of the Dungeon.
You worshipped Okawaru.
Okawaru was most pleased with you.
You were not hungry.
You were a tree.
You visited 1 branch of the dungeon, and saw 9 of its levels.

You collected 501 gold pieces.
You spent 214 gold pieces at shops.

Inventory:

Hand Weapons
 a - a +0 war axe (weapon)
Armour
 c - a +0 shield (worn)
 y - a +2 pair of gloves (melded)
 D - a +0 helmet (melded)
 E - a +0 cloak (melded)
 J - a +0 plate armour (melded)
Jewellery
 m - an uncursed amulet of rage {unknown}
 A - an uncursed ring of poison resistance {unknown}
 B - an uncursed ring of ice {unknown}
 I - an uncursed amulet of harm {unknown}
 K - an uncursed amulet of the acrobat {unknown}
Wands
 u - a wand of iceblast (17)
 G - a wand of digging (6)
Scrolls
 b - 5 scrolls of teleportation {unknown}
 e - 3 scrolls of enchant weapon {unknown}
 g - 7 scrolls of identify {unknown}
 p - 3 scrolls of fog {unknown}
 q - 3 scrolls of immolation {unknown}
 r - 2 scrolls of blinking {unknown}
 s - 4 scrolls of magic mapping {unknown}
 w - 2 scrolls of remove curse {unknown}
 F - a scroll of fear {unknown}
 H - a scroll of enchant armour {unknown}
Potions
 d - a potion of might
 h - 4 potions of haste
 i - a potion of magic {unknown}
 j - 3 potions of lignification
 k - a potion of cancellation {unknown}
 n - a potion of mutation
 t - a potion of flight {unknown}
 v - 3 potions of degeneration {unknown}
 x - 2 potions of resistance {unknown}
 z - 3 potions of heal wounds {unknown}
 C - 3 potions of curing {unknown}
Comestibles
 f - 13 rations
 l - 5 chunks of flesh


   Skills:
 + Level 7.0 Fighting
 * Level 8.5 Axes
 - Level 2.1 Armour
 + Level 5.3 Shields
 + Level 2.0 Evocations


You had 8 spell levels left.
You didn't know any spells.
Your spell library contained the following spells:

 Spells                   Type           Power        Failure   Level  Hunger
 Summon Small Mammal      Summ           #...         71%         1    ##.....
 Call Imp                 Summ           #.......     83%         2    ###....
 Call Canine Familiar     Summ           #.......     97%         3    ####...
 Summon Guardian Golem    Hex/Summ       #.......     97%         3    ####...
 Summon Ice Beast         Ice/Summ       #.......     100%        4    #####..
 Summon Lightning Spire   Summ/Air       #.......     100%        4    #####..


Dungeon Overview and Level Annotations

Branches:
Dungeon (9/15)             Temple (0/1) D:6
   Lair: D:8-11         Orc: D:9-12

Altars:
Dithmenos
Elyvilon
Fedhas
Makhleb
Nemelex Xobeh
Okawaru
Qazlal
Ru
Sif Muna
Uskayaw
Yredelemnul
Zin

Shops:
D:4 [


Innate Abilities, Weirdness & Mutations

((You have hooves in place of feet.))
((Armour fits poorly on your strangely shaped body.))
((You cover ground very quickly.))
((You have extremely tough skin. (AC +3)))
Scrolls take you a little longer to read.
((Your flesh is heat resistant. (rF+)))
You are weak. (Str -2)


Message History

The five-headed hydra bites you but does no damage.
The five-headed hydra bites you!
* * * LOW HITPOINT WARNING * * *
The five-headed hydra bites you.
* * * LOW HITPOINT WARNING * * *
You block the five-headed hydra's attack.
The five-headed hydra bites you but does no damage.
You block the five-headed hydra's attack.
The five-headed hydra bites you but does no damage. x2
The five-headed hydra barely misses you.
The five-headed hydra bites you.
* * * LOW HITPOINT WARNING * * *
The five-headed hydra bites you.
* * * LOW HITPOINT WARNING * * *
You block the five-headed hydra's attack.
The five-headed hydra bites you.
* * * LOW HITPOINT WARNING * * *
You block the five-headed hydra's attack.
The five-headed hydra bites you.
You die...

####........#....('%.#
...#........#.....#.)#
...#........##'''###+#
...#........#.....P≈.#
...#........#..P..≈≈P#
...'........#.....P≈≈#
...#........#...÷..≈P#
...#........#.≈.D†≈PP# ..#
####........####♣##### ...#
#..####+##+####.....####...###
............#.................
............#.................
............#.................
#...........+...............#
#...........#...............##
............#................#
#...##.##..###......##.......#


You could see a five-headed hydra.

Vanquished Creatures
  2 dream sheep (D:8)
  2 yaks (D:7)
  A hungry ghost (D:7)
  2 orc warriors (D:7)
  2 water moccasins
  An ice beast (D:6)
  A necrophage (D:7)
  An ogre (D:5)
  3 big kobolds
  A bullfrog (D:4)
  A scorpion (D:6)
  A quasit (D:7)
  4 hounds
  8 orc wizards
  3 orc priests
  2 centaur skeletons (D:6)
  Jessica (D:3)
  Terence (D:2)
  2 iguanas
  4 worker ants
  2 hound skeletons
  13 adders
  A shadow imp (D:7)
  2 oozes
  6 worms
  2 dart slugs
  7 leopard geckos
  31 orcs
  8 hobgoblins
  13 jackals
  6 kobolds
  2 quokkas (D:4)
  2 ball pythons (D:2)
  8 bats
  6 frilled lizards
  6 goblins
  7 rats
165 creatures vanquished.

Notes
Turn   | Place    | Note
-------+----------+-------------------------------------------
     0 | D:1      | Mrkan the Centaur Fighter began the quest for the Orb.
     0 | D:1      | Reached XP level 1. HP: 19/19 MP: 1/1
    60 | D:1      | Reached skill level 2 in Axes
    98 | D:1      | Reached XP level 2. HP: 13/26 MP: 2/2
   444 | D:1      | You fall into a shaft and drop 1 floor!
   648 | D:1      | Reached XP level 3. HP: 25/31 MP: 3/3
  1086 | D:1      | HP: 1/31 [adder (3)]
  1089 | D:1      | Gained mutation: You are weak. (Str -2) [potion of
                  | mutation]
  1089 | D:1      | Gained mutation: Scrolls take you a little longer to read.
                  | [potion of mutation]
  1089 | D:1      | Gained mutation: Your flesh is heat resistant. (rF+)
                  | [potion of mutation]
  1095 | D:1      | HP: 2/46 [adder (1)]
  1504 | D:2      | Reached skill level 3 in Axes
  1556 | D:2      | Reached XP level 4. HP: 24/38 MP: 4/4
  1919 | D:3      | Noticed Terence
  2237 | D:2      | Reached XP level 5. HP: 46/46 MP: 5/5
  2378 | D:2      | Killed Terence
  2378 | D:2      | Reached skill level 4 in Axes
  2570 | D:3      | Found a sparkling altar of Nemelex Xobeh.
  2572 | D:3      | Found an iron altar of Okawaru.
  2592 | D:3      | Found a burning altar of Makhleb.
  2620 | D:3      | Found a stormy altar of Qazlal.
  2621 | D:3      | Found a basalt altar of Yredelemnul.
  2621 | D:3      | Found a blossoming altar of Fedhas.
  2621 | D:3      | Found a shimmering blue altar of Sif Muna.
  2621 | D:3      | Found a hide-covered altar of Uskayaw.
  2623 | D:3      | Found a white marble altar of Elyvilon.
  2624 | D:3      | Found a shadowy altar of Dithmenos.
  2625 | D:3      | Found a glowing silver altar of Zin.
  2626 | D:3      | Found a sacrificial altar of Ru.
  2643 | D:3      | Became a worshipper of Warmaster Okawaru
  2677 | D:3      | Found a stormy altar of Qazlal.
  2903 | D:3      | Noticed Jessica
  2920 | D:3      | Killed Jessica
  2920 | D:3      | Reached XP level 6. HP: 43/52 MP: 6/6
  3377 | D:4      | Found Hicig's Armour Boutique.
  3407 | D:4      | Bought a +2 pair of gloves for 214 gold pieces
  3694 | D:5      | Entered Level 5 of the Dungeon
  3763 | D:5      | Reached * piety under Okawaru
  3763 | D:5      | Reached skill level 5 in Axes
  3904 | D:4      | Reached XP level 7. HP: 34/60 MP: 7/7
  4436 | D:5      | Reached skill level 5 in Fighting
  4756 | D:6      | Found a staircase to the Ecumenical Temple.
  4822 | D:6      | You fall into a shaft and drop 3 floors!
  5059 | D:8      | Reached skill level 6 in Axes
  5185 | D:7      | Reached ** piety under Okawaru
  5185 | D:7      | Reached XP level 8. HP: 59/69 MP: 8/8
  6099 | D:6      | Reached skill level 7 in Axes
  6559 | D:7      | HP: 2/70 [orc warrior/+0 scimitar (17)]
  8033 | D:8      | Noticed a dream sheep
  8033 | D:8      | Noticed a dream sheep
  8333 | D:7      | Reached skill level 5 in Shields
  8333 | D:7      | Reached XP level 9. HP: 27/78 MP: 9/9
  8378 | D:7      | Reached skill level 8 in Axes
  8378 | D:7      | Reached skill level 1 in Evocations
  8809 | D:8      | Reached *** piety under Okawaru
  8836 | D:8      | Noticed a three-headed hydra
  8871 | D:8      | HP: 1/118 [five-headed hydra (6)]
  8871 | D:8      | Slain by a five-headed hydra

Levels and vault maps discovered:
D:1:      dpeg_arrival_subterranean_lakeside_camping, layout_basic
D:2:      layout_rooms, first_ration
D:3:      layout_rooms, minitemple, corexii_item_surrounded_by_moat,
          grunt_ministairs_14, grunt_qazlal_sundering, uniq_jessica,
          uniq_terence
D:4:      layout_rooms, serial_shops, nicolae_shop_crystal,
          chequers_serial_rivers_micro_c, columned_hall_lemuel
D:5:      layout_rooms
D:6:      layout_loops_corners, minmay_temple_entry_waves, amethyst_killhole
D:7:      minmay_evil_eye, layout_rooms
D:8:      layout_gridville, hangedman_ranch [blue_anna_fruit_fields]
D:9:      layout_grid_maze, cheibriados_altar_1, david_orc_3, serial_rivers,
          chequers_serial_rivers_small_a, chequers_serial_rivers_micro_b,
          chequers_serial_rivers_room_a, chequers_serial_rivers_small_a,
          chequers_serial_rivers_room_b, chequers_serial_rivers_room_b

Skill      XL: |  1  2  3  4  5  6  7  8  9 |
---------------+----------------------------+-----
Axes           | 2 3 4 5 6 7 8 |  8.5
Fighting       | 4 5 6 7 |  7.0
Shields        | 3 4 5 |  5.3
Evocations     | 2 |  2.0
Armour         | |  2.1

Action                   |  1- 3 |  4- 6 |  7- 9 || total
-------------------------+-------+-------+-------++-------
Melee: War axe           |    79 |   228 |   313 ||   620
       Kick              |    10 |    49 |    62 ||   121
Invok: Heroism           |       |       |     2 ||     2
Evoke: Wand              |       |       |     1 ||     1
  Use: Potion            |     3 |       |     3 ||     6
  Eat: Chunk             |     1 |     7 |     8 ||    16
       Ration            |       |       |     3 ||     3
Armor: Scale mail        |     8 |       |       ||     8
       Chain mail        |    66 |   163 |   162 ||   391
       Skin              |    11 |       |    57 ||    68
       Plate armour      |       |       |    71 ||    71
Dodge: Dodged            |    12 |    43 |    47 ||   102
Block: Shield            |    49 |   137 |   175 ||   361
